 Dungeon Crawl Stone Soup version 0.29.1-4-g47bece8355 (webtiles) character file.

Game seed: 5025526805651246395

282 venomsnake the Trooper (level 6, -3/48 (56) HPs)
             Began as a Minotaur Berserker on Dec 11, 2022.
             Was a Priest of Trog.
             Slain by Edmund
             ... wielding a +0 dire flail of draining
              (8 damage)
             ... on level 4 of the Dungeon.
             The game lasted 00:08:19 (3077 turns).

venomsnake the Trooper (Minotaur Berserker)         Turns: 3077, Time: 00:08:19

HP:   -3/48 (56)    AC: 13    Str: 24    XL:     6   Next: 6%
MP:   5/5           EV:  9    Int:  4    God:    Trog [***...]
Gold: 148           SH:  5    Dex:  9    Spells: 5/5 levels left

rFire   . . .      SeeInvis .   a - +0 hand axe
rCold   . . .      Faith    .   (no shield)
rNeg    . . .      Spirit   .   e - +0 chain mail
rPois   .          Reflect  +   (helmet restricted)
rElec   .          Harm     .   (no cloak)
rCorr   .          Rampage  .   i - +2 pair of gloves
Will    +....                   d - +0 pair of boots
Stlth   ..........              g - amulet of reflection
HPRegen 0.16/turn               m - ring of willpower
MPRegen 0.09/turn               (no ring)

@: heavily drained
A: horns 2, retaliatory headbutt
a: Renounce Religion, Berserk, Trog's Hand


You were on level 4 of the Dungeon.
You worshipped Trog.
Trog was most pleased with you.
You visited 1 branch of the dungeon, and saw 4 of its levels.

You collected 148 gold pieces.

Inventory:

Hand Weapons
 a - a +0 hand axe (weapon)
Missiles
 c - 30 stones (quivered)
Armour
 d - a +0 pair of boots (worn)
 e - a +0 chain mail (worn)
 i - a +2 pair of gloves (worn)
 z - an orb of energy
Jewellery
 g - an amulet of reflection (around neck)
 m - a ring of willpower (left hand)
 s - a ring of magical power
Wands
 k - a wand of digging (2)
 t - a wand of flame (47)
Scrolls
 b - a scroll of summoning {unknown}
 h - 6 scrolls of poison {unknown}
 n - 2 scrolls of enchant armour {unknown}
 o - 2 scrolls of butterflies {unknown}
 p - a scroll of silence {unknown}
 r - a scroll of teleportation {unknown}
 v - 5 scrolls of identify {unknown}
 y - a scroll of torment {unknown}
Potions
 f - a potion of heal wounds {unknown}
 j - a potion of attraction {unknown}
 l - 2 potions of lignification {unknown}
 q - 3 potions of curing
 u - 2 potions of degeneration {unknown}
 w - a potion of ambrosia {unknown}
 x - 2 potions of flight {unknown}


   Skills:
 + Level 5.0 Fighting
 + Level 4.8 Axes
 + Level 4.0 Armour
 + Level 3.6 Dodging
 + Level 2.1 Evocations


You had 5 spell levels left.
You didn't know any spells.
Your spell library was empty.

Dungeon Overview and Level Annotations

Branches:
Dungeon (4/15)
 Temple: D:4-7

Altars:
Ashenzari
Makhleb
Vehumet

Shops:
D:2 *

Annotations:
D:4 Edmund


Innate Abilities, Weirdness & Mutations

You have a pair of horns on your head.
You reflexively headbutt those who attack you in melee.


Message History

The lemure is heavily wounded.
You hit Edmund. Edmund misses you. The lemure barely misses you.
You slash the lemure!
The lemure is severely wounded.
You closely miss Edmund.
Edmund hits you with a +0 dire flail of draining!
* * * LOW HITPOINT WARNING * * *
You feel drained.
* * * LOW HITPOINT WARNING * * *
The lemure closely misses you.
You closely miss the lemure.
The lemure is severely wounded.
You barely miss Edmund. You block the lemure's attack.
You block Edmund's attack.
You hit the lemure. Your headbutt misses the lemure.
The lemure is severely wounded.
You hit Edmund. You block Edmund's attack.
The lemure hits you but does no damage.
You closely miss the lemure.
The lemure is severely wounded.
You barely miss Edmund. The lemure hits you.
* * * LOW HITPOINT WARNING * * *
Edmund barely misses you.
You closely miss the lemure.
The lemure is severely wounded.
You hit Edmund but do no damage. Edmund hits you but does no damage.
You feel drained. The lemure hits you but does no damage.
You closely miss the lemure.
The lemure is severely wounded.
You barely miss Edmund. The lemure hits you but does no damage.
Edmund barely misses you.
You hit the lemure but do no damage.
The lemure is severely wounded.
You barely miss Edmund. Edmund closely misses you.
The lemure barely misses you. You furiously retaliate!
You headbutt the lemure. You slash the lemure!
You kill the lemure!
That felt strangely unrewarding.
You barely miss Edmund.
Edmund hits you with a +0 dire flail of draining!
You die...

# #.#.##.......### #
#.#.###......# # #...#
#....... ##
###########......# .
##........######.##.
##.............)††.#
##...............#.#
#...............#.###..#
#..............@.....#######
#######.........@###.......#
#........|.# #######.# #
#..........# #.....#.#.#
#..........# #....†#...#
#..........# #.........#
#..........# #.........#
#..........# #......@..#
#..........# #.....##.5#


You could see Edmund.

Vanquished Creatures
  A lemure (D:4)
  2 hounds (D:4)
  Natasha (thrice) (D:2)
  Robin (D:2)
  7 adders
  2 dart slugs
  4 bats
  4 endoplasms
  A giant cockroach (D:1)
  13 goblins
  9 hobgoblins
  6 jackals
  3 quokkas
  3 ball pythons
  7 kobolds
  3 rats
69 creatures vanquished.

Notes
Turn   | Place    | Note
-------+----------+-------------------------------------------
     0 | D:1      | venomsnake the Minotaur Berserker began the quest for the
                  | Orb.
     0 | D:1      | Reached XP level 1. HP: 19/19 MP: 0/0
   340 | D:1      | Reached XP level 2. HP: 24/27 MP: 1/1
   613 | D:1      | Found a faded altar of an unknown god.
   788 | D:2      | Noticed Robin
   794 | D:2      | Reached ** piety under Trog
   795 | D:2      | Reached skill level 4 in Fighting
   800 | D:2      | Killed Robin
   801 | D:2      | Reached XP level 3. HP: 27/33 MP: 2/2
   805 | D:2      | Reached skill level 1 in Evocations
   962 | D:2      | Reached XP level 4. HP: 32/40 MP: 3/3
  1160 | D:2      | Found a burning altar of Makhleb.
  1198 | D:2      | Found Hovu's Assorted Antiques.
  1266 | D:2      | Noticed Natasha
  1282 | D:2      | Killed Natasha
  1561 | D:2      | Reached XP level 5. HP: 47/47 MP: 4/4
  1698 | D:2      | Noticed Natasha
  1709 | D:2      | Killed Natasha
  2066 | D:2      | Noticed Natasha
  2073 | D:2      | Killed Natasha
  2407 | D:3      | Reached *** piety under Trog
  2658 | D:3      | Found a radiant altar of Vehumet.
  2658 | D:3      | Found a broken altar of Ashenzari.
  2971 | D:4      | Reached XP level 6. HP: 54/55 MP: 5/5
  3036 | D:4      | Reached skill level 5 in Fighting
  3036 | D:4      | Noticed Edmund
  3077 | D:4      | Slain by Edmund

Illustrated notes

Levels and vault maps discovered:
D:1:      dpeg_arrival_snail, layout_basic, ebering_ecumenical_altar_sacrificial
D:2:      layout_basic, basic_altar, serial_shops, nicolae_shop_crystal,
          kennysheep_generic_room_4, uniq_natasha, uniq_robin
D:3:      layout_loops_ring, gammafunk_temple_overflow_wave, minmay_cupped
D:4:      layout_basic, hangedman_glass_teeth, uniq_edmund, uniq_pikel

Skill      XL: |  1  2  3  4  5  6 |
---------------+-------------------+-----
Fighting       | 4 5 |  5.0
Axes           | 4 |  4.8
Evocations     | 1 2 |  2.1
Armour         | 3 4 |  4.0
Dodging        | 3 |  3.6

Action                   |  1- 3 |  4- 6 || total
-------------------------+-------+-------++-------
Melee: Hand axe          |    79 |   120 ||   199
       Headbutt          |    11 |    20 ||    31
       Punch             |       |     1 ||     1
Evoke: Wand              |       |     1 ||     1
Armor: Chain mail        |    49 |    73 ||   122
       Leather armour    |     1 |       ||     1
Dodge: Dodged            |    27 |    53 ||    80
Block: Other             |    16 |    21 ||    37
       Reflection        |     1 |       ||     1
